 Dungeon Crawl Stone Soup version 0.29.1-2-gbd0b4ee654 (webtiles) character file.

Game seed: 9913739152759603061

280 Icepheonix32 the Changer (level 5, -7/39 HPs)
             Began as a Demigod Transmuter on Nov 4, 2022.
             Mangled by a gnoll bouda
             ... wielding a +0 club
              (9 damage)
             ... on level 4 of the Dungeon.
             The game lasted 00:04:56 (3886 turns).

Icepheonix32 the Changer (Demigod Transmuter)       Turns: 3886, Time: 00:04:57

Health: -7/39      AC:  2    Str: 11    XL:     5   Next: 76%
Magic:  7/10       EV: 19    Int: 19    God:
Gold:   129        SH:  0    Dex: 19    Spells: 3/7 levels left

rFire   . . .      SeeInvis .     - Unarmed
rCold   . . .      Faith    .   (shield currently unavailable)
rNeg    . . .      Spirit   .   (body armour currently unavailable)
rPois   x          Reflect  .   (helmet currently unavailable)
rElec   .          Harm     .   (cloak currently unavailable)
rCorr   .          Rampage  .   (gloves currently unavailable)
Will    .....                   (boots currently unavailable)
Stlth   ++........              (no amulet)
HPRegen 0.13/turn               (no ring)
MPRegen 0.12/turn               (no ring)

@: spider-form, weakened
A: venomous fangs, tiny, high MP 1, forlorn, divine attributes
a: End Transformation


You were on level 4 of the Dungeon.
You were a venomous arachnid creature.
You visited 1 branch of the dungeon, and saw 4 of its levels.

You collected 129 gold pieces.

Inventory:

Hand Weapons
 b - a +1 dagger of speed
Missiles
 a - 7 boomerangs
 e - a throwing net
Armour
 m - a +0 pair of gloves (melded)
 p - a +2 robe of willpower (melded)
Wands
 o - a wand of polymorph (7)
Scrolls
 c - a scroll of vulnerability {unknown}
 d - a scroll of enchant weapon {unknown}
 f - 2 scrolls of magic mapping {unknown}
 g - a scroll of noise {unknown}
 i - a scroll of identify {unknown}
 k - 2 scrolls of teleportation {unknown}
 l - a scroll of enchant armour {unknown}
Potions
 j - a potion of flight


   Skills:
 + Level 0.8 Fighting
 * Level 1.9 Dodging
 * Level 2.7 Unarmed Combat
 + Level 1.7 Spellcasting
 * Level 5.8 Transmutations


You had 3 spell levels left.
You knew the following spells:

 Your Spells              Type           Power      Damage    Failure   Level
a - Beastly Appendage     Tmut           46%        N/A       7%          1
b - Spider Form           Tmut/Pois      12%        N/A       34%         3

Your spell library contained the following spells:

 Spells                   Type           Power      Damage    Failure   Level
 Wereblood                Tmut           23%        N/A       9%          2
 Confusing Touch          Hex            1%         N/A       67%         3
 Ice Form                 Ice/Tmut       12%        N/A       67%         4
 Yara's Violent Unravell  Hex/Tmut       6%         3d5       93%         5
 Enfeeble                 Hex            0%         N/A       100%        7


Dungeon Overview and Level Annotations

Branches:
Dungeon (4/15)
 Temple: D:4-7

Annotations:
D:4 Grinder


Innate Abilities, Weirdness & Mutations

You are a venomous arachnid creature.
You have poisonous fangs.
You are tiny and dextrous.
Your spellcasting is less reliable in this form.
Your armour is entirely melded.
You are incapable of wielding weapons or throwing items.
You have an increased reservoir of magic. (+10% MP)
You shall have no god before yourself.
Your divine heritage dramatically boosts your attributes as you level up.


Message History

Your +2 robe of willpower unmelds from your body.
You feel strong-willed.
The gnoll bouda shoots a sling bullet.
The sling bullet hits you.
You hear a shout!
The gnoll bouda shoots a sling bullet.
The sling bullet closely misses you.
Unknown command.
Casting: Spider Form (quite dangerous; 16% risk of failure)
Confirm with . or Enter, or press ? or * to list all spells.
The spell is quite dangerous to miscast (16% risk of failure)!
Continue anyway?
You turn into a venomous arachnid creature.
Your +0 pair of gloves melds into your body.
Your +2 robe of willpower melds into your body.
You feel less strong-willed.
The gnoll bouda shoots a sling bullet.
The sling bullet completely misses you. The gnoll barely misses you.
The gnoll bouda unwields a +0 sling.
The gnoll bouda wields a +0 club.
The gnoll bouda misses you.
You barely miss the gnoll bouda.
A gnoll comes into view. It is wielding a +0 halberd.
The gnoll closely misses you.
You hit the gnoll bouda.
The gnoll bouda is moderately wounded.
The gnoll bouda hits you with a +0 club!
* * * LOW HITPOINT WARNING * * *
The gnoll completely misses you.
Unknown command.
You hit the gnoll bouda but do no damage.
The gnoll bouda is poisoned.
The gnoll bouda is moderately wounded.
The gnoll closely misses you.
The gnoll bouda hits you with a +0 club.
* * * LOW HITPOINT WARNING * * *
The gnoll completely misses you.
You hit the gnoll bouda but do no damage.
The gnoll bouda looks even sicker.
The gnoll bouda is moderately wounded.
The gnoll is no longer moving quickly.
Grinder blinks!
The gnoll misses you.
The gnoll bouda gazes fiercely through you!
You feel your attacks grow feeble.
The gnoll bouda hits you with a +0 club!
You die...

######.# #.#.....#
#.###.#.##### #.......#
###...### #..)# #.))#
#.†)# #...########.###
#...gs.g........
#..g#####§#####.
.............# #
..............# ..
.............g.#####.###
.#####...#####.#.......#
#!...)<)..5.........
#...#######.##..#.#. #.
#.....#


You could see a gnoll bouda (very poisoned) and 2 gnolls.

Vanquished Creatures
  2 hounds
  Terence (D:2)
  Jessica (D:3)
  An orc wizard (D:3)
  5 gnolls
  2 adders
  3 worms
  6 orcs
  4 bats
  6 endoplasms
  10 goblins
  A hobgoblin (D:1)
  2 jackals (D:2)
  5 quokkas
  6 ball pythons
  7 frilled lizards
  5 kobolds
  3 rats
70 creatures vanquished.

Notes
Turn   | Place    | Note
-------+----------+-------------------------------------------
     0 | D:1      | Icepheonix32 the Demigod Transmuter began the quest for the
                  | Orb.
     0 | D:1      | Reached XP level 1. HP: 15/15 MP: 5/5
    48 | D:1      | Reached skill level 2 in Transmutations
   396 | D:1      | Reached XP level 2. HP: 22/22 MP: 5/7
   868 | D:2      | Reached skill level 3 in Transmutations
  1305 | D:2      | Noticed Terence
  1322 | D:2      | Reached XP level 3. HP: 16/27 MP: 8/8
  1325 | D:2      | Killed Terence
  1326 | D:2      | Reached skill level 4 in Transmutations
  1326 | D:2      | Reached XP level 4. HP: 21/34 MP: 9/9
  2398 | D:3      | Noticed Jessica
  2426 | D:3      | Killed Jessica
  2717 | D:3      | Reached skill level 5 in Transmutations
  2717 | D:3      | Reached XP level 5. HP: 32/39 MP: 10/10
  3282 | D:4      | Gained mutation: Your body sometimes deteriorates upon
                  | taking damage. [potion of mutation]
  3282 | D:4      | Lost mutation: Your body sometimes deteriorates upon taking
                  | damage. [potion of mutation]
  3284 | D:4      | Noticed Grinder
  3487 | D:3      | Learned a level 3 spell: Spider Form
  3528 | D:4      | Noticed a black bear
  3886 | D:4      | Mangled by a gnoll bouda

Illustrated notes

Levels and vault maps discovered:
D:1:      saegor_arrival_simple_e, layout_rooms,
          shapermc_ecumenical_altar_notcrosses
D:2:      layout_basic, uniq_terence
D:3:      layout_loops_cross, mainiacjoe_overflow_surrounded_room, uniq_jessica
D:4:      layout_loops_cross, uniq_grinder

Skill      XL: |  1  2  3  4 |
---------------+-------------+-----
Transmutations | 2 3 4 5 |  5.8
Fighting       | |  0.8
Dodging        | |  1.9
Unarmed Combat | |  2.7
Spellcasting   | |  1.7

Action                   |  1- 3 |  4- 6 || total
-------------------------+-------+-------++-------
Melee: Unarmed           |    70 |   157 ||   227
       Kick              |     8 |    41 ||    49
       Headbutt          |     8 |    11 ||    19
       Punch             |     1 |     2 ||     3
 Cast: Beastly Appendage |    16 |    25 ||    41
       Spider Form       |       |     2 ||     2
  Use: Potion            |     1 |     7 ||     8
 Stab: Sleeping          |     1 |     1 ||     2
Armor: Robe              |    17 |    27 ||    44
       Skin              |    14 |    21 ||    35
Dodge: Dodged            |    45 |   129 ||   174
